 Dungeon Crawl Stone Soup version 0.31-a0-705-ga145531891 (webtiles) character file.

Game seed: 16558425828583671987

669 Ekaitz the Gusty (level 7, 0/40 HPs)
             Began as a Tengu Air Elementalist on Sept 9, 2023.
             Was an Initiate of Vehumet.
             Slain by SirDiesAlot's ghost (13 damage)
             ... on level 3 of the Dungeon.
             The game lasted 00:09:24 (5329 turns).

Ekaitz the Gusty (Tengu Air Elementalist)           Turns: 5329, Time: 00:09:24

Health: 0/40       AC:  2    Str:  9    XL:     7   Next: 58%
Magic:  2/13       EV: 17    Int: 17    God:    Vehumet [......]
Gold:   216        SH:  0    Dex: 14    Spells: 2/12 levels left

rFire   . . .        e - +2 dagger (speed)
rCold   . . .        (no shield)
rNeg    . . .        a - +0 robe
rPois   .            (helmet restricted)
rElec   .            (no cloak)
rCorr   .            (no gloves)
SInv    .            (boots unavailable)
Will    +....        (no amulet)
Stlth   ++           q - ring of willpower
HPRegen 0.26/turn    (no ring)
MPRegen 0.13/turn

%: acrobat
@: flying
A: beak, talons 3, evasive flight, acrobatic
a: Renounce Religion


You were on level 3 of the Dungeon.
You worshipped Vehumet.
Vehumet was noncommittal.
You visited 2 branches of the dungeon, and saw 6 of its levels.

You collected 255 gold pieces.
You spent 39 gold pieces at shops.

Inventory:

Hand Weapons
 e - a +2 dagger of speed (weapon)
 t - a +0 dagger of holy wrath
Missiles
 d - 9 poisoned darts
Armour
 a - a +0 robe (worn)
Jewellery
 q - a ring of willpower (left hand)
Talismans
 s - a beast talisman
Wands
 b - a wand of paralysis (13)
 w - a wand of digging (6)
Scrolls
 c - a scroll of immolation {unknown}
 f - 3 scrolls of teleportation {unknown}
 h - 2 scrolls of enchant weapon {unknown}
 j - 4 scrolls of identify {unknown}
 l - a scroll of torment {unknown}
 o - 2 scrolls of acquirement {unknown}
 v - a scroll of poison {unknown}
Potions
 g - a potion of cancellation {unknown}
 i - 3 potions of brilliance {unknown}
 k - 3 potions of curing
 m - a potion of resistance {unknown}
 n - a potion of lignification {unknown}
 p - a potion of berserk rage {unknown}
 r - 2 potions of degeneration {unknown}
 u - 2 potions of haste {unknown}


   Skills:
 * Level 2.2 Fighting
 + Level 0.2 Short Blades
 * Level 3.7 Dodging
 + Level 2.9 Stealth
 + Level 3.3 Spellcasting
 * Level 5.4 Conjurations
 * Level 6.9 Air Magic


You had 2 spell levels left.
You knew the following spells:

 Your Spells              Type           Power      Damage    Failure   Level
a - Shock                 Conj/Air       96%        1d9       1%          1
b - Static Discharge      Conj/Air       48%        2-4/arc   1%          2
c - Swiftness             Air            26%        N/A       3%          3
d - Airstrike             Air            13%        2d(2-18)  10%         4

Your spell library contained the following spells:

 Spells                   Type           Power      Damage    Failure   Level
 Dazzling Flash           Conj/Hex       24%        N/A       17%         3
 Silence                  Hex/Air        7%         N/A       75%         5
 Agony                    Necr           2%         N/A       99%         5


Dungeon Overview and Level Annotations

Branches:
Dungeon (5/15)             Temple (1/1) D:5

Altars:
Cheibriados
Dithmenos
Fedhas
Hepliaklqana
Kikubaaqudgha
Makhleb
Nemelex Xobeh
Okawaru
Qazlal
Ru
Sif Muna
Trog
Uskayaw
Vehumet
Wu Jian
Xom
The Shining One

Shops:
D:4 !

Annotations:
D:3 1 runed translucent door, 4 exclusions, SirDiesAlot's ghost, amateur OgAr
D:5 2 transporters, Stellion's ghost, novice DECj


Innate Abilities, Weirdness & Mutations

You have a beak for a mouth.
You have claws for feet.
Your magical flight helps you evade attacks. (EV +4)
You can magically evade attacks while moving or waiting.


Message History

The adder is severely wounded.
The zap hits SirDiesAlot's ghost!
SirDiesAlot's ghost is lightly damaged.
The adder misses you. The adder completely misses you.
Casting: Shock (safe; 1% risk of failure)
Confirm with . or Enter, or press ? or * to list all spells.
Aiming: Shock (safe; 1% risk of failure)
Press: ? - help, Shift-Dir - straight line, p - adder The zap misses the adder.
The zap hits the adder.
The adder is almost dead.
The zap hits SirDiesAlot's ghost!
SirDiesAlot's ghost is moderately damaged.
The adder completely misses you.
Casting: Shock (safe; 1% risk of failure)
Confirm with . or Enter, or press ? or * to list all spells.
Aiming: Shock (safe; 1% risk of failure)
Press: ? - help, Shift-Dir - straight line The zap hits the adder.
You kill the adder!
Vehumet accepts your kill.
The zap hits SirDiesAlot's ghost.
SirDiesAlot's ghost is heavily damaged.
Casting: Shock (safe; 1% risk of failure)
Confirm with . or Enter, or press ? or * to list all spells.
Aiming: Shock (safe; 1% risk of failure)
Press: ? - help, Shift-Dir - straight line The zap hits SirDiesAlot's ghost.
SirDiesAlot's ghost is heavily damaged.
The zap hits SirDiesAlot's ghost.
SirDiesAlot's ghost is heavily damaged.
SirDiesAlot's ghost misses you.
Casting: Shock (safe; 1% risk of failure)
Confirm with . or Enter, or press ? or * to list all spells.
Aiming: Shock (safe; 1% risk of failure)
Press: ? - help, Shift-Dir - straight line The zap hits SirDiesAlot's ghost but does no damage.
SirDiesAlot's ghost is heavily damaged.
The zap misses SirDiesAlot's ghost.
SirDiesAlot's ghost hits you!
You die...

###.†..###.(..###..# #.##..
####...###...####..### #..###
#################....# ##.# #
#.............# ##...# #.# #
..##########..# ##..# #.# #
..............# #..# #.###
####..#######.#####.## #.... #
#..# #.##.W...## #..## #.[#
#.).@##...# #..## #..###
###.####'## #..## ## #....# #.#
#~~~# #..#. .# #.##.# ##.# #~~~#
#...# .###.##.######.># #~~~#
#.... .##.............#
#~~~#######....
.##..##(######..###~)~#..........
.##..##[## #....#~~~#######....
.....#)..######.###~~~# ##.##


You could see SirDiesAlot's ghost.

Vanquished Creatures
  A centaur (D:5)
  A phantom (D:5)
  A bullfrog (D:3)
  A scorpion (D:4)
  An orc priest (D:4)
  2 hounds
  A sleepcap (D:5)
  Ijyb (D:3)
  2 iguanas (D:4)
  3 gnolls (D:3)
  8 adders
  A river rat (D:3)
  A worm (D:2)
  8 dart slugs
  9 orcs
  8 ball pythons
  7 endoplasms
  2 giant cockroaches
  3 goblins
  10 hobgoblins
  3 jackals (D:3)
  3 quokkas
  2 frilled lizards (D:1)
  3 kobolds
  4 rats
86 creatures vanquished.

Notes
Turn   | Place    | Note
-------+----------+-------------------------------------------
     0 | D:1      | Ekaitz the Tengu Air Elementalist began the quest for the
                  | Orb.
     0 | D:1      | Reached XP level 1. HP: 10/10 MP: 4/4
   182 | D:1      | Reached XP level 2. HP: 13/15 MP: 0/6
   185 | D:1      | Learned a level 2 spell: Static Discharge
   298 | D:1      | Found a faded altar of an unknown god.
   733 | D:1      | Reached XP level 3. HP: 19/19 MP: 2/7
   737 | D:1      | Learned a level 3 spell: Swiftness
  1096 | D:2      | Found a bloodstained altar of Trog.
  1710 | D:3      | Noticed Ijyb
  1723 | D:3      | Paralysed by Ijyb for 4 turns
  1732 | D:3      | Killed Ijyb
  1733 | D:3      | Reached XP level 4. HP: 7/24 MP: 5/8
  1806 | D:3      | Reached skill level 5 in Air Magic
  1982 | D:3      | Found a runed translucent door.
  1985 | D:3      | Noticed SirDiesAlot's ghost (amateur OgAr)
  2195 | D:3      | Reached XP level 5. HP: 23/28 MP: 5/9
  2470 | D:3      | Found a sparkling altar of Nemelex Xobeh.
  2881 | D:3      | Found a runed translucent door.
  3199 | D:4      | Reached skill level 1 in Fighting
  3634 | D:4      | Reached XP level 6. HP: 34/34 MP: 1/11
  3738 | D:4      | Reached skill level 6 in Air Magic
  3974 | D:4      | You fall into a shaft and drop 1 floor!
  3974 | D:5      | Entered Level 5 of the Dungeon
  4129 | D:4      | Found Xiodoej's Distillery.
  4137 | D:4      | Bought a potion of curing for 39 gold pieces
  4208 | D:4      | Found a stormy altar of Qazlal.
  4543 | D:5      | Found a transporter.
  4548 | D:5      | Noticed Stellion's ghost (novice DECj)
  4610 | D:5      | Found a transporter.
  4703 | D:5      | Found an ornate altar of the Wu Jian Council.
  4909 | D:5      | Learned a level 4 spell: Airstrike
  4912 | D:5      | Reached skill level 5 in Conjurations
  4912 | D:5      | Gained mutation: Your magical flight helps you evade
                  | attacks. (EV +4) [Tengu growth]
  4912 | D:5      | Reached XP level 7. HP: 39/39 MP: 7/12
  4997 | D:5      | Found a staircase to the Ecumenical Temple.
  5006 | Temple   | Entered the Ecumenical Temple
  5029 | Temple   | Became a worshipper of Vehumet
  5329 | D:3      | Slain by SirDiesAlot's ghost

Illustrated notes

Levels and vault maps discovered:
D:1:      ncdulo_watergridlock, layout_loops_ring,
          hellmonk_ecumenical_altar_heavens_door
D:2:      layout_loops_ring, basic_altar
D:3:      layout_loops_ring, nicolae_overflow_hidden_temple,
          ebering_ghost_sewer_f, hangedman_glass_teeth, uniq_ijyb
D:4:      minmay_chambers_of_twos, layout_loops_corners, kennysheep_mini,
          serial_bayou, serial_bayou_pond_d, serial_bayou_ford_a,
          serial_bayou_shore_a, serial_bayou_pond_c, serial_bayou_lagoon_a,
          serial_shops, nicolae_shop_gibbet_a_chance
D:5:      layout_rooms, nzn_wu_jian_contemplation,
          minmay_temple_entry_glassed_door, gammafunk_ghost_arena,
          kennysheep_donut
Temple:   compressed_dpeg_triangle_lava_temple

Skill      XL: |  1  2  3  4  5  6  7 |
---------------+----------------------+-----
Conjurations   | 2 3 4 5 |  5.4
Air Magic      | 5 6 |  6.9
Fighting       | 1 2 |  2.2
Dodging        | 3 |  3.7
Spellcasting   | 3 |  3.3
Short Blades   | |  0.2
Stealth        | |  2.9

Action                     |  1- 3 |  4- 6 |  7- 9 || total
---------------------------+-------+-------+-------++-------
  Melee: Dagger            |     7 |     8 |     2 ||    17
         Peck              |     2 |     1 |       ||     3
         Kick              |     2 |       |     1 ||     3
   Cast: Shock             |    61 |    97 |    25 ||   183
         Static Discharge  |       |     3 |     1 ||     4
         Airstrike         |       |     1 |       ||     1
    Use: Potion            |     1 |       |       ||     1
   Stab: Sleeping          |     2 |     5 |     1 ||     8
 Armour: Robe              |     8 |     9 |    13 ||    30
  Dodge: Dodged            |     7 |    13 |    16 ||    36

Table legend: (Time is in decaauts)
 A = Elapsed time spent in this place.
 B = Non-inter-level travel time spent in this place.
 C = Inter-level travel time spent in this place.
 D = Time resting spent in this place.
 E = Time spent auto-exploring this place.
 F = Levels seen in this place.
 G = Mean time per level.
                   A        B        C        D        E       F      G
               +--------+--------+--------+--------+--------+-----+--------+
         Total |   5383 |   5087 |    296 |     56 |   4406 |   6 |  897.2 |
       Dungeon |   5343 |   5063 |    280 |     56 |   4406 |   5 | 1068.6 |
        Temple |     39 |     23 |     16 |      0 |      0 |   1 |   39.0 |
               +--------+--------+--------+--------+--------+-----+--------+

Top non-repeatable levels by time:
     D:4: 1448 daAuts
     D:3: 1427 daAuts
     D:1: 1003 daAuts
     D:5: 773 daAuts
     D:2: 691 daAuts
  Temple: 39 daAuts
